 Dungeon Crawl Stone Soup version 0.28-a0-1638-g9123634e07 (webtiles) character file.

Game seed: 16478993721448904649

82 cyrus the Covered (level 4, 0/40 HPs)
             Began as a Minotaur Fighter on Jan 26, 2022.
             Was a Follower of Zin.
             Succumbed to a kobold's poison
             ... on level 3 of the Dungeon.
             The game lasted 00:06:19 (2216 turns).

cyrus the Covered (Minotaur Fighter)                Turns: 2216, Time: 00:06:20

Health: 0/40       AC:  7    Str: 21    XL:     4   Next: 21%
Magic:  3/3        EV:  8    Int:  7    God:    Zin [*.....]
Gold:   55         SH: 10    Dex:  9    Spells: 3/3 levels left

rFire   + + .      SeeInvis .   a - +0 long sword
rCold   + + .      Faith    .   k - +2 shield of Resistance {rF++ rC++ Will++}
rNeg    . . .      Spirit   .   b - +0 scale mail
rPois   .          Reflect  .   (helmet restricted)
rElec   .          Harm     .   (no cloak)
rCorr   .          Rampage  .   (no gloves)
Will    ++...                   (no boots)
Stlth   ..........              (no amulet)
HPRegen 0.13/turn               (no ring)
MPRegen 0.08/turn               (no ring)

@: mighty, lethally poisoned (0 -> -17)
A: horns 2, retaliatory headbutt
a: Renounce Religion, Recite, Donate Gold


You were on level 3 of the Dungeon.
You worshipped Zin.
Zin was aware of your devotion.
You visited 1 branch of the dungeon, and saw 3 of its levels.

You collected 109 gold pieces.
You donated 54 gold pieces to Zin.

Inventory:

Hand Weapons
 a - a +0 long sword (weapon)
Armour
 b - a +0 scale mail (worn)
 c - a +0 buckler
 k - the +2 shield of Resistance (worn) {rF++ rC++ Will++}
   (You found it on level 2 of the Dungeon)

   rF:        It greatly protects you from fire.
   rC:        It greatly protects you from cold.
   Will:      It greatly increases your willpower.
Jewellery
 j - a ring of willpower
Scrolls
 e - 3 scrolls of enchant weapon {unknown}
 l - a scroll of noise {unknown}
 m - a scroll of identify {unknown}
Potions
 f - a potion of degeneration {unknown}
 g - a potion of flight {unknown}
 h - a potion of curing {unknown}
 i - 2 potions of brilliance {unknown}


   Skills:
 + Level 4.2 Fighting
 + Level 3.6 Long Blades
 + Level 4.5 Armour
 + Level 0.3 Dodging
 + Level 4.2 Shields


You had 3 spell levels left.
You didn't know any spells.
Your spell library contained the following spells:

 Spells                   Type           Power      Damage    Failure   Level
 Gell's Gravitas          Tloc           0%         N/A       100%        3
 Lesser Beckoning         Tloc           0%         N/A       100%        3
 Teleport Other           Tloc           0%         N/A       100%        3


Dungeon Overview and Level Annotations

Branches:
Dungeon (3/15)

Altars:
Zin

Annotations:
D:3 Robin


Innate Abilities, Weirdness & Mutations

You have a pair of horns on your head.
You reflexively headbutt those who attack you in melee.


Message History

The hobgoblin no longer looks unusually strong.
The goblin no longer looks unusually strong.
The goblin hits you with a +0 dagger. The goblin hits you but does no damage.
Robin laughs in a distinctly smug fashion.
Robin roars a battlecry!
The goblins go into a battle-frenzy!
You feel sick.
The goblin no longer looks unusually strong.
The kobold throws a poisoned dart.
The poisoned dart hits you!
You are more poisoned.
Robin roars a battlecry!
The goblin goes into a battle-frenzy!
The kobold throws a poisoned dart.
The poisoned dart misses you.
You closely miss the goblin.
You feel very sick.
The hobgoblin no longer looks unusually strong.
The quokka splashes around in the water. x2
The kobold throws a poisoned dart.
The poisoned dart hits you!
You are lethally poisoned!
The goblin hits you with a +0 club.
You barely miss the goblin.
* * * LOW HITPOINT WARNING * * *
You feel very sick. You block the quokka's attack.
The goblin hits you but does no damage.
Robin says, "Duck!"
The quokka splashes around in the water.
You slash the goblin!
You kill the goblin!
* * * LOW HITPOINT WARNING * * *
You feel very sick. The quokka barely misses you. You furiously retaliate!
You headbutt the quokka!
You kill the quokka!
Robin roars a battlecry!
The hobgoblin goes into a battle-frenzy!
* * * LOW HITPOINT WARNING * * *
You feel sick.
The kobold throws a poisoned dart.
The poisoned dart hits you!
You are more poisoned.
Things that are here:
a +0 club; a goblin corpse You die...

#≈≈≈≈≈.#.......
#≈≈≈≈≈)#.......
##≈≈≈≈)=.......
#≈≈≈≈))#+#.######
#≈g≈≈≈.#.#......#
##≈≈≈≈.#.#......#
#g≈≈gg..'>.....#
#K≈≈g#g##.(....#
##g≈≈≈)@........#
#≈≈≈≈≈..##.....<#
#≈≈≈≈≈..#...#####
#≈≈≈≈#..#.#.#
##≈≈≈≈#....#.# .
#≈≈≈≈≈##.###.# .#
#≈≈≈≈≈....# .# ..
##≈≈≈≈.....##.#
#.##
#≈≈≈≈≈........#


You could see Robin, 2 hobgoblins, 3 goblins and a kobold.

Vanquished Creatures
  2 adders (D:2)
  2 worms (D:2)
  2 dart slugs
  2 bats
  4 endoplasms
  A giant cockroach (D:1)
  4 hobgoblins
  6 jackals
  2 kobolds (D:2)
  4 quokkas
  3 ball pythons
  2 frilled lizards (D:1)
  11 goblins
  2 rats (D:1)
47 creatures vanquished.

Notes
Turn   | Place    | Note
-------+----------+-------------------------------------------
     0 | D:1      | cyrus the Minotaur Fighter began the quest for the Orb.
     0 | D:1      | Reached XP level 1. HP: 19/19 MP: 0/0
   190 | D:1      | Reached XP level 2. HP: 22/26 MP: 1/1
   433 | D:1      | Found a faded altar of an unknown god.
  1187 | D:2      | Reached XP level 3. HP: 30/33 MP: 2/2
  1281 | D:2      | Found the +2 shield of Resistance {rF++ rC++ Will++}
  1789 | D:2      | Reached XP level 4. HP: 39/40 MP: 3/3
  2058 | D:2      | Found a glowing silver altar of Zin.
  2067 | D:2      | Became a worshipper of Zin the Law-Giver
  2068 | D:2      | Donated 44 gold pieces to Zin
  2175 | D:3      | Reached * piety under Zin
  2195 | D:3      | Identified the +0 helmet "Ycaeddod" {Str+3}
  2195 | D:3      | Noticed Robin
  2216 | D:3      | Succumbed to a kobold's poison

Illustrated notes

Levels and vault maps discovered:
D:1:      dpeg_arrival_erosion, layout_loops_ring,
          ebering_ecumenical_altar_ruins, chequers_arboretum, st_stairs_12
D:2:      wad_river_or_something, layout_basic, basic_altar, minivault_27,
          kennysheep_generic_room_8
D:3:      wander_river, layout_basic, mainiacjoe_overflow_divided_tiny,
          uniq_robin

Skill      XL: |  1  2  3 |
---------------+----------+-----
Armour         | 4 |  4.5
Shields        | 4 |  4.2
Fighting       | 4 |  4.2
Long Blades    | 3 |  3.6
Dodging        | |  0.3

Action                   |  1- 3 |  4- 6 || total
-------------------------+-------+-------++-------
Melee: Long sword        |    79 |    12 ||    91
       Headbutt          |    11 |       ||    11
Invok: Donate Gold       |       |     1 ||     1
  Use: Potion            |       |     1 ||     1
Armor: Scale mail        |    51 |    16 ||    67
Dodge: Dodged            |    43 |    15 ||    58
Block: Buckler           |    16 |       ||    16
       Kite shield       |    15 |    13 ||    28

Table legend: (Time is in decaauts)
 A = Elapsed time spent in this place.
 B = Non-inter-level travel time spent in this place.
 C = Inter-level travel time spent in this place.
 D = Time resting spent in this place.
 E = Time spent auto-exploring this place.
 F = Levels seen in this place.
 G = Mean time per level.
                   A        B        C        D        E       F      G
               +--------+--------+--------+--------+--------+-----+--------+
         Total |   2257 |   2257 |      0 |    200 |   1517 |   3 |  752.3 |
       Dungeon |   2257 |   2257 |      0 |    200 |   1517 |   3 |  752.3 |
               +--------+--------+--------+--------+--------+-----+--------+

Top non-repeatable levels by time:
     D:1: 1151 daAuts
     D:2: 1003 daAuts
     D:3: 103 daAuts
